 Dungeon Crawl Stone Soup version 0.30-a0-879-ga8ba668304 (webtiles) character file.

Game seed: 8527405403792256637

614 mandoloar the Digger (level 7, 0/51 HPs)
             Began as a Gnoll Earth Elementalist on Mar 13, 2023.
             Was an Initiate of Vehumet.
             Slain by Maggie
             ... wielding a +0 morningstar of flaming
              (4 damage)
             ... on level 6 of the Dungeon.
             The game lasted 00:11:30 (6273 turns).

mandoloar the Digger (Gnoll Earth Elementalist)     Turns: 6273, Time: 00:11:30

Health: 0/51       AC:  5    Str:  8    XL:     7   Next: 44%
Magic:  2/15       EV: 13    Int: 16    God:    Vehumet [......]
Gold:   323        SH:  0    Dex: 12    Spells: 13/17 levels left

rFire   + . .      SeeInvis +    a - +0 war axe
rCold   . . .      Faith    .    (no shield)
rNeg    . . .      Spirit   .    c - +0 robe
rPois   .          Reflect  .    (no helmet)
rElec   .          Rampage  .    (no cloak)
rCorr   .                        r - +2 pair of gloves
Will    .....                    (no boots)
Stlth   +++                      n - amulet of regeneration
HPRegen 1.08/turn                p - ring of protection from fire
MPRegen 0.14/turn                v - ring of see invisible

@: mesmerised
A: fangs 1, strong nose, distributed training
a: Renounce Religion


You were on level 6 of the Dungeon.
You worshipped Vehumet.
Vehumet was noncommittal.
You visited 2 branches of the dungeon, and saw 7 of its levels.

You collected 323 gold pieces.

Inventory:

Hand Weapons
 a - a +0 war axe (weapon)
 b - a +0 sling
Armour
 c - a +0 robe (worn)
 r - a +2 pair of gloves (worn)
Jewellery
 n - an amulet of regeneration (around neck)
 p - a ring of protection from fire (left hand)
 v - a ring of see invisible (right hand)
Wands
 m - a wand of polymorph (6)
Scrolls
 e - 3 scrolls of teleportation
 f - a scroll of fog
 k - 3 scrolls of identify
Potions
 d - 4 potions of magic
 g - 3 potions of curing
 h - a potion of flight
 i - a potion of lignification
 j - a potion of ambrosia {unknown}
 l - 4 potions of heal wounds {unknown}
 o - a potion of attraction {unknown}
 q - 2 potions of berserk rage {unknown}
 t - 2 potions of might {unknown}
 u - a potion of degeneration {unknown}
 w - a potion of cancellation {unknown}


   Skills:
 + Level 2.6 Fighting
 + Level 2.6 Short Blades
 + Level 2.6 Long Blades
 + Level 2.6 Axes
 + Level 2.6 Maces & Flails
 + Level 2.6 Polearms
 + Level 2.6 Staves
 + Level 2.6 Ranged Weapons
 + Level 2.6 Throwing
 + Level 2.6 Armour
 + Level 5.3 Dodging
 + Level 5.0 Stealth
 + Level 2.6 Shields
 + Level 2.6 Unarmed Combat
 + Level 5.6 Spellcasting
 + Level 2.1 Conjurations
 + Level 2.1 Hexes
 + Level 2.1 Summonings
 + Level 2.1 Necromancy
 + Level 2.1 Translocations
 + Level 3.0 Transmutations
 + Level 2.1 Fire Magic
 + Level 2.1 Ice Magic
 + Level 2.1 Air Magic
 + Level 5.9 Earth Magic
 + Level 2.1 Poison Magic
 + Level 2.9 Invocations
 + Level 2.6 Evocations


You had 13 spell levels left.
You knew the following spells:

 Your Spells              Type           Power      Damage    Failure   Level
a - Sandblast             Erth           46%        2d11      1%          1
b - Stone Arrow           Conj/Erth      34%        3d9       9%          3

Your spell library contained the following spells:

 Spells                   Type           Power      Damage    Failure   Level
 Passwall                 Tmut/Erth      15%        N/A       3%          2
 Sting                    Tmut/Pois      48%        1d5       4%          1
 Apportation              Tloc           22%        N/A       6%          1
 Magic Dart               Conj           44%        1d5       6%          1
 Poisonous Vapours        Pois/Air       22%        N/A       9%          2
 Searing Ray              Conj           22%        2d5       9%          2
 Petrify                  Tmut/Erth      18%        N/A       22%         4
 Fulminant Prism          Conj/Hex       5%         3d7       52%         4
 Olgreb's Toxic Radiance  Pois           11%        N/A       52%         4
 Alistair's Intoxication  Tmut/Pois      8%         N/A       80%         5
 Iskenderun's Battlesphe  Conj           11%        2d7       86%         5
 Iron Shot                Conj/Erth      8%         9d3       99%         6
 Spellforged Servitor     Conj/Summ      5%         N/A       100%        7


Dungeon Overview and Level Annotations

Branches:
Dungeon (6/15)             Temple (1/1) D:5

Altars:
Ashenzari
Cheibriados
Dithmenos
Elyvilon
Fedhas
Gozag
Kikubaaqudgha
Makhleb
Nemelex Xobeh
Okawaru
Qazlal
Ru
Sif Muna
Trog
Vehumet
Xom
Yredelemnul
The Shining One

Shops:
D:5 =

Annotations:
D:6 Maggie


Innate Abilities, Weirdness & Mutations

You have very sharp teeth.
Your uncanny sense of smell can sniff out nearby items.
Your experience applies equally to all skills.


Message History

You feel a strange surge of energy.
You hit Maggie.
Maggie is almost dead.
Maggie hits you with a +0 morningstar of flaming!
Maggie burns you.
Maggie casts a spell.
Maggie draws you further into her thrall.
You hit Maggie but do no damage.
Maggie is almost dead.
Maggie barely misses you.
You hit Maggie.
Maggie is almost dead.
Maggie closely misses you.
You hit Maggie.
Maggie is almost dead.
Maggie hits you with a +0 morningstar of flaming! x2
* * * LOW HITPOINT WARNING * * *
You hit Maggie but do no damage.
Maggie is almost dead.
Maggie casts a spell at you. The bolt of fire misses you.
You closely miss Maggie. You bite Maggie, but do no damage.
Maggie is almost dead.
Maggie hits you with a +0 morningstar of flaming!
* * * LOW HITPOINT WARNING * * *
Maggie burns you.
* * * LOW HITPOINT WARNING * * *
You hit Maggie but do no damage.
Maggie is almost dead.
Maggie barely misses you. x2
You hit Maggie but do no damage.
Maggie is almost dead.
Maggie completely misses you.
Your magical contamination has completely faded away.
You hit Maggie.
Maggie is almost dead.
Maggie hits you with a +0 morningstar of flaming.
* * * LOW HITPOINT WARNING * * *
Maggie hits you with a +0 morningstar of flaming.
You die...

*,* #.# *,,,,,*
*,,* *,* #.#
***,*** *,,* *,*
#.# *,* *,,** *,*
#.# *,* *,,,* *,*
#.# *,* *,*,* *,*
#.# *,* *,*,* *,*
#.# *,* *,*,* *,*
#<######.###***,*,*
*,**
#...@@......,,>,,,*
*,,*
#######..###***,***
****,,**** *,*# *,*
**~~,*,~,~* *,* *,*
*~~~~,~,***
**,*******,*
*,~,~,~~~**
*,*,,,,*,,,*
,,***~,~~~***
**,***,*,***
,,,~~,,~,~,,* ***
*,*,*
,,~,~,~~,##,**
*,*,*


You could see Maggie (mesmerising).

Vanquished Creatures
  A phantom (D:4)
  Blork the orc (D:4)
  2 scorpions (D:5)
  4 hounds
  A jelly (D:5)
  3 iguanas
  3 adders
  2 ufetubi
  A worm (D:2)
  4 dart slugs
  7 orcs
  6 ball pythons
  4 endoplasms
  2 giant cockroaches
  8 goblins
  6 hobgoblins
  9 jackals
  6 kobolds
  2 quokkas (D:1)
  7 bats
  A frilled lizard (D:3)
  5 rats
85 creatures vanquished.

Notes
Turn   | Place    | Note
-------+----------+-------------------------------------------
     0 | D:1      | mandoloar the Gnoll Earth Elementalist began the quest for
                  | the Orb.
     0 | D:1      | Reached XP level 1. HP: 13/13 MP: 6/6
   318 | D:1      | Reached XP level 2. HP: 19/19 MP: 5/7
   639 | D:1      | Reached skill level 5 in Spellcasting
   639 | D:1      | Reached XP level 3. HP: 25/25 MP: 5/9
   959 | D:1      | Learned a level 3 spell: Stone Arrow
  1341 | D:2      | Found a bloodstained altar of Trog.
  1369 | D:2      | Reached skill level 1 in Invocations
  1634 | D:2      | Reached skill level 1 in Fighting
  1634 | D:2      | Reached skill level 1 in Short Blades
  1634 | D:2      | Reached skill level 1 in Long Blades
  1634 | D:2      | Reached skill level 1 in Axes
  1634 | D:2      | Reached skill level 1 in Maces & Flails
  1634 | D:2      | Reached skill level 1 in Polearms
  1634 | D:2      | Reached skill level 1 in Staves
  1634 | D:2      | Reached skill level 1 in Ranged Weapons
  1634 | D:2      | Reached skill level 1 in Throwing
  1634 | D:2      | Reached skill level 1 in Armour
  1634 | D:2      | Reached skill level 1 in Shields
  1634 | D:2      | Reached skill level 1 in Unarmed Combat
  1634 | D:2      | Reached skill level 1 in Evocations
  1972 | D:2      | Reached XP level 4. HP: 32/32 MP: 9/11
  2292 | D:3      | Reached skill level 1 in Conjurations
  2292 | D:3      | Reached skill level 1 in Hexes
  2292 | D:3      | Reached skill level 1 in Summonings
  2292 | D:3      | Reached skill level 1 in Necromancy
  2292 | D:3      | Reached skill level 1 in Translocations
  2292 | D:3      | Reached skill level 1 in Fire Magic
  2292 | D:3      | Reached skill level 1 in Ice Magic
  2292 | D:3      | Reached skill level 1 in Air Magic
  2292 | D:3      | Reached skill level 1 in Poison Magic
  3430 | D:4      | Noticed a phantom
  3439 | D:4      | Killed a phantom
  3440 | D:4      | Reached XP level 5. HP: 35/37 MP: 3/12
  3686 | D:4      | Reached XP level 6. HP: 44/44 MP: 6/13
  3955 | D:4      | Noticed Blork the orc
  4069 | D:4      | Killed Blork the orc
  4070 | D:4      | Reached skill level 5 in Dodging
  4553 | D:5      | Entered Level 5 of the Dungeon
  4749 | D:5      | Found an iron altar of Okawaru.
  5032 | D:5      | Found a shimmering altar of Xom.
  5332 | D:5      | Reached XP level 7. HP: 51/51 MP: 2/15
  5444 | D:5      | Found Unicvu's Jewellery Boutique.
  5518 | D:5      | Found a staircase to the Ecumenical Temple.
  5528 | Temple   | Entered the Ecumenical Temple
  5560 | Temple   | Became a worshipper of Vehumet
  5918 | D:5      | Reached skill level 5 in Stealth
  6256 | D:6      | Noticed Maggie
  6270 | D:6      | HP: 2/51 [Maggie/+0 morningstar of flaming (2)]
  6273 | D:6      | Slain by Maggie

Illustrated notes

Levels and vault maps discovered:
D:1:      saegor_arrival_simple_d, layout_loops_ring, minmay_misc_feat_doors,
          amcnicky_mini_pool_small
D:2:      layout_basic, basic_altar, grunt_ministairs_5
D:3:      layout_basic
D:4:      layout_basic, uniq_blork_the_orc
D:5:      layout_basic, okawaru_trees_1, nicolae_overflow_crystal_walls,
          minmay_temple_entry_statues_pillars, serial_shops, shop_statue,
          kennysheep_cross_room
D:6:      layout_loops_ring, chequers_serial_rivers_marsh, kennysheep_diamond,
          uniq_prince_ribbit1, uniq_grinder, uniq_maggie
Temple:   regret_index_temple_sphere_string

Skill      XL: |  1  2  3  4  5  6  7 |
---------------+----------------------+-----
Transmutations | 2 3 |  3.0
Spellcasting   | 5 |  5.6
Invocations    | 1 2 |  2.9
Fighting       | 1 2 |  2.6
Short Blades   | 1 2 |  2.6
Long Blades    | 1 2 |  2.6
Axes           | 1 2 |  2.6
Maces & Flails | 1 2 |  2.6
Polearms       | 1 2 |  2.6
Staves         | 1 2 |  2.6
Ranged Weapons | 1 2 |  2.6
Throwing       | 1 2 |  2.6
Armour         | 1 2 |  2.6
Shields        | 1 2 |  2.6
Unarmed Combat | 1 2 |  2.6
Evocations     | 1 2 |  2.6
Conjurations   | 1 2 |  2.1
Hexes          | 1 2 |  2.1
Summonings     | 1 2 |  2.1
Necromancy     | 1 2 |  2.1
Translocations | 1 2 |  2.1
Fire Magic     | 1 2 |  2.1
Ice Magic      | 1 2 |  2.1
Air Magic      | 1 2 |  2.1
Poison Magic   | 1 2 |  2.1
Dodging        | 5 |  5.3
Stealth        | 5 |  5.0
Earth Magic    | |  5.9

Action                     |  1- 3 |  4- 6 |  7- 9 || total
---------------------------+-------+-------+-------++-------
  Melee: War axe           |       |     6 |    11 ||    17
         Bite              |       |       |     1 ||     1
   Fire: Sling             |       |     4 |       ||     4
   Cast: Sandblast         |    45 |    30 |     7 ||    82
         Stone Arrow       |     3 |    30 |    10 ||    43
    Use: Scroll            |       |     8 |     1 ||     9
 Armour: Robe              |     2 |     7 |     4 ||    13
  Dodge: Dodged            |    12 |    19 |    23 ||    54

Table legend: (Time is in decaauts)
 A = Elapsed time spent in this place.
 B = Non-inter-level travel time spent in this place.
 C = Inter-level travel time spent in this place.
 D = Time resting spent in this place.
 E = Time spent auto-exploring this place.
 F = Levels seen in this place.
 G = Mean time per level.
                   A        B        C        D        E       F      G
               +--------+--------+--------+--------+--------+-----+--------+
         Total |   6320 |   5744 |    576 |   1711 |   3352 |   7 |  902.9 |
       Dungeon |   6169 |   5600 |    569 |   1711 |   3232 |   6 | 1028.2 |
        Temple |    150 |    143 |      7 |      0 |    120 |   1 |  150.0 |
               +--------+--------+--------+--------+--------+-----+--------+

Top non-repeatable levels by time:
     D:4: 1535 daAuts
     D:5: 1413 daAuts
     D:1: 1251 daAuts
     D:3: 998 daAuts
     D:2: 881 daAuts
  Temple: 150 daAuts
     D:6: 88 daAuts
